 Dungeon Crawl Stone Soup version 0.31-a0-233-g139696dc86 (webtiles) character file.

Game seed: 9962018740281429972

14328 Ekaitz the Zephyrmancer (level 12, 0/72 HPs)
             Began as a Tengu Air Elementalist on July 9, 2023.
             Was an Elder of Vehumet.
             Slain by a cyclops (5 damage)
             ... while petrified by a basilisk
             ... on level 11 of the Dungeon on July 10, 2023.
             The game lasted 00:41:29 (13680 turns).

Ekaitz the Zephyrmancer (Tengu Air Elementalist)   Turns: 13680, Time: 00:41:30

Health: 0/72       AC:  5    Str:  9    XL:     12   Next: 15%
Magic:  17/24      EV:  2    Int: 23    God:    Vehumet [****..]
Gold:   614        SH:  0    Dex: 18    Spells: 8/26 levels left

rFire   . . .        w - +4 dagger (freeze)
rCold   . . .        (no shield)
rNeg    + + +        R - +0 steam dragon scales
rPois   ∞            (helmet restricted)
rElec   .            K - scarf {repulsion}
rCorr   .            (no gloves)
SInv    .            (boots unavailable)
Will    .....        (no amulet)
Stlth   +++          p - +5 ring of evasion
HPRegen 0.32/turn    J - +6 ring of intelligence
MPRegen 0.19/turn

%: repel missiles
@: swift, petrified, flying quickly and evasively, very quick
A: beak, talons 3, nimble flight
a: Renounce Religion


You were on level 11 of the Dungeon.
You worshipped Vehumet.
Vehumet was greatly pleased with you.
You visited 2 branches of the dungeon, and saw 12 of its levels.

You collected 614 gold pieces.

Inventory:

Hand Weapons
 a - a +1 dagger of draining
 b - a +1 scimitar of flaming
 w - a +4 dagger of freezing (weapon)
 y - a +1 short sword of venom
 B - a +5 spear
 T - a +2 long sword
Missiles
 i - 5 atropa-tipped darts
 j - 14 poisoned darts
Armour
 h - a +2 plate armour of fire resistance
 K - a scarf of repulsion (worn)
 Q - a +0 robe of willpower
 R - +0 steam dragon scales (worn)
 S - a +0 buckler
 W - +0 acid dragon scales
 Z - a +2 ring mail of poison resistance
Jewellery
 p - a +5 ring of evasion (left hand)
 x - a ring of ice
 J - a +6 ring of intelligence (right hand)
 U - a +4 ring of protection
 X - a ring of protection from cold
Wands
 v - a wand of iceblast (5)
 L - a wand of flame (12)
 V - a wand of paralysis (7)
Scrolls
 k - 6 scrolls of identify {unknown}
 m - 4 scrolls of poison {unknown}
 n - 3 scrolls of fog {unknown}
 o - 2 scrolls of enchant weapon {unknown}
 r - 7 scrolls of teleportation {unknown}
 t - a scroll of amnesia {unknown}
 u - a scroll of noise {unknown}
 C - 3 scrolls of vulnerability {unknown}
 E - a scroll of brand weapon {unknown}
 F - a scroll of silence {unknown}
 I - 2 scrolls of enchant armour {unknown}
 M - a scroll of fear {unknown}
 O - 2 scrolls of torment {unknown}
 Y - a scroll of blinking {unknown}
Potions
 c - 4 potions of curing {unknown}
 d - 3 potions of might {unknown}
 e - 2 potions of magic
 f - 2 potions of ambrosia {unknown}
 g - 2 potions of lignification {unknown}
 l - 3 potions of enlightenment {unknown}
 q - 3 potions of degeneration {unknown}
 s - 5 potions of heal wounds {unknown}
 z - 3 potions of attraction {unknown}
 A - a potion of haste
 D - a potion of berserk rage {unknown}
 G - a potion of mutation {unknown}
 H - a potion of cancellation {unknown}
 N - a potion of brilliance {unknown}
 P - a potion of invisibility {unknown}


   Skills:
 * Level 7.2 Fighting
 + Level 2.6 Short Blades
 * Level 7.8 Dodging
 + Level 4.1 Stealth
 + Level 7.7 Spellcasting
 * Level 10.6 Conjurations
 * Level 1.8 Ice Magic
 * Level 14.2 Air Magic
 + Level 2.9 Poison Magic


You had 8 spell levels left.
You knew the following spells:

 Your Spells              Type           Power      Damage    Failure   Level
a - Shock                 Conj/Air       100%       1d9       1%          1
b - Static Discharge      Conj/Air       100%       2-7/arc   1%          2
c - Swiftness             Air            65%        N/A       1%          3
d - Airstrike             Air            32%        2d(5-21)  1%          4
e - Poisonous Vapours     Pois/Air       96%        N/A       1%          2
f - Mephitic Cloud        Conj/Pois/Air  51%        N/A       1%          3
h - Hailstorm             Conj/Ice       37%        3d9       1%          3

Your spell library contained the following spells:

 Spells                   Type           Power      Damage    Failure   Level
 Yara's Violent Unravell  Hex/Tmut       4%         3d4       43%         5
 Freezing Cloud           Conj/Ice/Air   24%        6-21      1%          5
 Sticky Flame             Conj/Fire      33%        2d5       2%          4
 Ignite Poison            Fire/Tmut/Pois 13%        N/A       4%          3
 Petrify                  Tmut/Erth      8%         N/A       56%         4
 Metabolic Englaciation   Hex/Ice        6%         N/A       80%         5
 Statue Form              Tmut/Erth      5%         N/A       100%        6
 Ignition                 Fire           4%         3d4       100%        8


Dungeon Overview and Level Annotations

Branches:
Dungeon (11/15)            Temple (1/1) D:4            Lair (0/5) D:10
    Orc: D:9-12

Altars:
Ashenzari
Cheibriados
Dithmenos
Elyvilon
Fedhas
Gozag
Hepliaklqana
Kikubaaqudgha
Makhleb
Nemelex Xobeh
Okawaru
Qazlal
Ru
Sif Muna
Trog
Uskayaw
Vehumet
Wu Jian
Xom
Yredelemnul
Zin
The Shining One

Annotations:
D:5 1 runed translucent door, Newt's ghost, novice KoHu


Innate Abilities, Weirdness & Mutations

You have a beak for a mouth.
You have claws for feet.
Your magical nature lets you fly swiftly and evasively.


Message History

Confirm with . or Enter, or press ? or * to list all spells.
Okay, then.
You have turned to stone.
The basilisk gazes at you. The basilisk bites you! x2
The basilisk gazes at you. You resist with some effort.
The basilisk bites you but does no damage.
The cyclops hits you!! The basilisk bites you! The basilisk gazes at you.
You resist with some effort. The cyclops hits you!
You turn to flesh and can move again.
Unknown command.
Casting: Shock (safe; 1% risk of failure)
Confirm with . or Enter, or press ? or * to list all spells.
You feel quick. The basilisk gazes at you.
You are slowing down.
The cyclops hits you.
Unknown command.
Your limbs are stiffening.
The cyclops throws a large rock.
The large rock closely misses you.
You have turned to stone.
The basilisk barely misses you.
The basilisk bites you but does no damage.
The basilisk bites you!
* * * LOW HITPOINT WARNING * * *
The basilisk bites you but does no damage.
The cyclops hits you but does no damage.
The basilisk gazes at you. The cyclops hits you!!
* * * LOW HITPOINT WARNING * * *
The basilisk gazes at you. x2
You resist with some effort. The cyclops hits you.
* * * LOW HITPOINT WARNING * * *
The basilisk bites you!
* * * LOW HITPOINT WARNING * * *
The cyclops hits you!
You die...

♣)♣ #....
♣♣)♣♣#...
♣..C♣#..#
♣)..♣#..#
♣...♣#..# ♣#
#♣...♣...# .#
#........# ~#
#♣...♣..C####+###
♣#
♣...♣#.l@.......
♣
♣...♣#..........
♣...♣#..#####...
♣♣.♣♣#..# . ♣.♣
#÷.# ♣.♣ #..#
#♣♣.♣♣#..#####.
#.....#........
#.♣♣♣.#........


You could see a cyclops and a basilisk.

Vanquished Creatures
  Erica (D:8)
  A boulder beetle (D:9)
  A centaur warrior (D:10)
  3 two-headed ogres
  Pikel (D:8)
  A manticore (D:11)
  2 rust devils (D:9)
  A gargoyle (D:10)
  An orange demon (D:9)
  4 trolls
  2 hornets
  Grinder (D:4)
  9 yaks
  A wyvern (D:9)
  A shadow (D:11)
  A basilisk (D:10)
  3 steam dragons
  An acid dragon (D:10)
  2 water moccasins
  2 sky beasts
  2 ice beasts (D:6)
  2 orc warriors
  2 black bears
  3 ogres
  2 centaurs
  A lemure (D:8)
  3 phantoms
  4 bullfrogs
  3 gnoll sergeants (D:7)
  6 scorpions
  10 wights
  21 killer bees
  2 howler monkeys
  2 jellies
  7 orc priests
  A quasit (D:9)
  4 hounds
  An iron imp (D:9)
  3 sleepcaps
  3 iguanas (D:6)
  9 orc wizards
  18 gnolls (D:7)
  8 adders
  4 shadow imps
  A white imp (D:6)
  4 dart slugs
  33 orcs
  8 ball pythons
  11 endoplasms
  4 giant cockroaches
  10 goblins
  7 hobgoblins
  3 jackals (D:1)
  2 quokkas
  8 bats
  A frilled lizard (D:2)
  4 kobolds
  2 rats
258 creatures vanquished.

Vanquished Creatures (others)
  A wyvern (D:10)
  An orc wizard (D:7)
2 creatures vanquished.

Grand Total: 260 creatures vanquished

Notes
Turn   | Place    | Note
-------+----------+-------------------------------------------
     0 | D:1      | Ekaitz the Tengu Air Elementalist began the quest for the
                  | Orb.
     0 | D:1      | Reached XP level 1. HP: 10/10 MP: 4/4
   173 | D:1      | You fall into a shaft and drop 1 floor!
   213 | D:2      | Reached XP level 2. HP: 8/15 MP: 0/6
   247 | D:2      | Learned a level 2 spell: Static Discharge
   619 | D:1      | Found a faded altar of an unknown god.
   879 | D:1      | Reached XP level 3. HP: 18/19 MP: 5/7
   970 | D:1      | Learned a level 3 spell: Swiftness
  1108 | D:1      | Reached skill level 5 in Air Magic
  2146 | D:3      | Reached XP level 4. HP: 24/24 MP: 5/8
  2763 | D:3      | Reached skill level 1 in Fighting
  2974 | D:4      | Noticed a scorpion
  2987 | D:4      | Noticed an ogre
  2995 | D:4      | Killed an ogre
  2996 | D:4      | Gained mutation: Your magical nature lets you fly swiftly
                  | and evasively. [Tengu growth]
  2996 | D:4      | Reached XP level 5. HP: 7/29 MP: 1/9
  3140 | D:4      | Noticed Grinder
  3205 | D:4      | Reached XP level 6. HP: 22/34 MP: 1/10
  3214 | D:4      | Learned a level 4 spell: Airstrike
  3342 | D:4      | Found a staircase to the Ecumenical Temple.
  3351 | Temple   | Entered the Ecumenical Temple
  3721 | Temple   | Became a worshipper of Vehumet
  4178 | D:5      | Entered Level 5 of the Dungeon
  4263 | D:5      | Noticed a black bear
  4271 | D:5      | Killed a black bear
  4272 | D:5      | Reached skill level 1 in Short Blades
  4272 | D:5      | Reached skill level 6 in Air Magic
  4374 | D:5      | Reached XP level 7. HP: 32/40 MP: 7/12
  4969 | D:5      | Found a runed translucent door.
  4970 | D:5      | Noticed Newt's ghost (novice KoHu)
  5207 | D:5      | Reached skill level 5 in Conjurations
  5446 | D:5      | Reached skill level 7 in Air Magic
  5627 | D:6      | Reached XP level 8. HP: 33/45 MP: 0/14
  6270 | D:6      | Reached skill level 8 in Air Magic
  6399 | D:6      | Reached * piety under Vehumet
  6399 | D:6      | Offered knowledge of Sandblast by Vehumet.
  6434 | D:6      | Reached XP level 9. HP: 46/52 MP: 5/16
  6475 | D:6      | Noticed a troll
  6628 | D:4      | Killed Grinder
  6629 | D:4      | Reached skill level 5 in Dodging
  6714 | D:4      | Reached skill level 9 in Air Magic
  6744 | D:4      | Learned a level 2 spell: Poisonous Vapours
  7473 | D:6      | Killed a troll
  7531 | D:6      | Offered knowledge of Scorch by Vehumet.
  7772 | D:7      | Reached skill level 5 in Spellcasting
  7773 | D:7      | Reached ** piety under Vehumet
  7775 | D:7      | Reached skill level 10 in Air Magic
  8300 | D:7      | Reached skill level 1 in Poison Magic
  8300 | D:7      | Reached XP level 10. HP: 48/58 MP: 12/18
  8356 | D:7      | Reached skill level 5 in Fighting
  8365 | D:7      | Offered knowledge of Stone Arrow by Vehumet.
  8366 | D:7      | Reached skill level 11 in Air Magic
  9126 | D:7      | Learned a level 3 spell: Mephitic Cloud
  9600 | D:8      | Noticed Pikel
  9620 | D:8      | Killed Pikel
  9752 | D:8      | Found an ornate altar of the Wu Jian Council.
  9896 | D:8      | Noticed Erica
  9910 | D:8      | Killed Erica
  9981 | D:9      | Noticed a two-headed ogre
  9983 | D:9      | Reached *** piety under Vehumet
  9998 | D:9      | Killed a two-headed ogre
  9999 | D:9      | Reached skill level 12 in Air Magic
 10001 | D:9      | Reached XP level 11. HP: 63/64 MP: 2/21
 10475 | D:9      | Offered knowledge of Hailstorm by Vehumet.
 10942 | D:9      | Noticed a boulder beetle
 10947 | D:9      | Killed a boulder beetle
 11125 | D:9      | Reached skill level 13 in Air Magic
 11207 | D:9      | Learned a level 3 spell: Hailstorm
 11687 | D:10     | Entered Level 10 of the Dungeon
 11692 | D:10     | Found a staircase to the Lair.
 11814 | D:9      | Reached **** piety under Vehumet
 11921 | D:10     | Reached skill level 1 in Ice Magic
 12151 | D:10     | Offered knowledge of Yara's Violent Unravelling by Vehumet.
 12505 | D:10     | Reached skill level 10 in Conjurations
 12566 | D:10     | Noticed a centaur warrior
 12575 | D:10     | Killed a centaur warrior
 12580 | D:10     | Noticed a two-headed ogre
 12591 | D:10     | Killed a two-headed ogre
 12619 | D:10     | Noticed a two-headed ogre
 12641 | D:10     | Killed a two-headed ogre
 12642 | D:10     | Reached skill level 14 in Air Magic
 12642 | D:10     | Reached XP level 12. HP: 6/71 MP: 5/24
 13680 | D:11     | Slain by a cyclops

Illustrated notes

Levels and vault maps discovered:
D:1:      eino_arrival_cavern_b, layout_basic, basic_ecumenical_altar,
          chequers_serial_rivers_small_3
D:2:      layout_basic
D:3:      layout_loops_cross
D:4:      cheibrodos_barr_body, layout_cave_pools,
          minmay_temple_entry_gardened_gates, serial_park, serial_park_square2,
          serial_park_tiny_2, small_statue_alley_b, hangedman_feature_mirror,
          uniq_grinder
D:5:      layout_loops_corners, gammafunk_ghost_grave
D:6:      kennysheep_six_static_rooms, layout_cave_pools, chequers_mini_garden,
          minmay_starry_boxes
D:7:      layout_basic
D:8:      layout_cave_pools, nicolae_wu_jian_immortal_techniques, uniq_erica,
          uniq_pikel
D:9:      layout_loops_ring, nicolae_demonic_statue_gallery
D:10:     layout_long_grid, david_lair_generic, roderic_serpentine_path,
          nrook_mini_backslash
D:11:     nzn_winding_woodlands_medium [nzn_winding_woodlands_5x5_default,
          nzn_winding_woodlands_5x15_lazy_stream,
          nzn_winding_woodlands_5x5_cross, nzn_winding_woodlands_5x5_three,
          nzn_winding_woodlands_center_garden,
          nzn_winding_woodlands_5x5_open_star,
          nzn_winding_woodlands_5x5_perimeter,
          nzn_winding_woodlands_5x15_default,
          nzn_winding_woodlands_5x5_default], layout_irregular_city
Temple:   mainiacjoe_temple_circle_huts

Skill      XL: |  1  2  3  4  5  6  7  8  9 10 11 12 |
---------------+-------------------------------------+-----
Conjurations   | 2 3 4 5 7 8 9 10 | 10.6
Air Magic      | 5 6 7 8 10 12 14 | 14.2
Fighting       | 1 2 4 6 7 |  7.2
Dodging        | 3 4 5 6 7 |  7.8
Short Blades   | 1 2 |  2.6
Spellcasting   | 3 4 5 6 7 |  7.7
Stealth        | 3 4 |  4.1
Poison Magic   | 1 2 |  2.9
Ice Magic      | 1 |  1.8

Action                     |  1- 3 |  4- 6 |  7- 9 | 10-12 || total
---------------------------+-------+-------+-------+-------++-------
  Melee: Dagger            |    31 |    26 |    72 |    45 ||   174
         Kick              |     9 |     5 |    31 |    21 ||    66
         Peck              |     1 |     5 |    17 |    11 ||    34
         Short sword       |       |       |    13 |       ||    13
         Punch             |       |       |     1 |     3 ||     4
   Cast: Shock             |    69 |    48 |   167 |    69 ||   353
         Static Discharge  |     1 |    12 |    41 |    38 ||    92
         Poisonous Vapours |       |       |    25 |    63 ||    88
         Airstrike         |       |       |     6 |    54 ||    60
         Swiftness         |       |       |     1 |     1 ||     2
         Mephitic Cloud    |       |       |       |     5 ||     5
         Hailstorm         |       |       |       |     3 ||     3
   Stab: Sleeping          |     4 |     7 |     7 |     3 ||    21
         Confused          |       |       |       |     3 ||     3
 Armour: Robe              |    12 |     3 |    18 |     2 ||    35
         Steam dragon scal |       |       |       |     8 ||     8
  Dodge: Dodged            |    31 |    46 |   135 |   146 ||   358
         Repelled          |       |       |       |     2 ||     2

Table legend: (Time is in decaauts)
 A = Elapsed time spent in this place.
 B = Non-inter-level travel time spent in this place.
 C = Inter-level travel time spent in this place.
 D = Time resting spent in this place.
 E = Time spent auto-exploring this place.
 F = Levels seen in this place.
 G = Mean time per level.
                   A        B        C        D        E       F      G
               +--------+--------+--------+--------+--------+-----+--------+
         Total |  13143 |  12631 |    512 |   1102 |   9075 |  12 | 1095.2 |
       Dungeon |  12798 |  12297 |    501 |   1102 |   8807 |  11 | 1163.5 |
        Temple |    344 |    334 |     10 |      0 |    267 |   1 |  344.0 |
               +--------+--------+--------+--------+--------+-----+--------+

Top non-repeatable levels by time:
     D:9: 1636 daAuts
     D:5: 1630 daAuts
     D:6: 1447 daAuts
     D:7: 1332 daAuts
     D:1: 1150 daAuts
    D:10: 1096 daAuts
     D:4: 1088 daAuts
     D:3: 1060 daAuts
     D:8: 933 daAuts
     D:2: 774 daAuts
    D:11: 647 daAuts
  Temple: 344 daAuts
